 Dungeon Sprint DCSS version 0.21-a0-41-g5e91fef (webtiles) character file.

10 Kidiri the Sneak (level 2, 0/14 HPs)
             Began as a Spriggan Enchanter on June 3, 2017.
             Slain by a necrophage (6 damage)
             ... in the Dungeon (Sprint II: "The Violet Keep of Menkaure").
             The game lasted 00:01:30 (306 turns).

Kidiri the Sneak (Spriggan Enchanter)                Turns: 306, Time: 00:01:30

Health: 0/14       AC:  2    Str:  4    XL:     2   Next: 10%
Magic:  7/7        EV: 19    Int: 16    God:
Gold:   243        SH:  0    Dex: 16    Spells: 4/7 levels left

rFire    . . .     SeeInvis +   a - +1 dagger
rCold    . . .     Gourm    .   (shield restricted)
rNeg     . . .     Faith    .   b - +0 robe
rPois    .         Spirit   .   (helmet restricted)
rElec    .         Reflect  .   (no cloak)
rCorr    .         Harm     .   (gloves unavailable)
MR       .....     NoTele   +   (boots unavailable)
Stlth    +++.......             (no amulet)
Regen    0.1/turn               (no ring)
MPRegen  0.1/turn               (no ring)

@: very quick
A: unfitting armour, see invisible, herbivore 3, speed 3, slow metabolism 2
a: no special abilities


You were in the Dungeon.
You were not hungry.

You visited 1 branch You collected 243 gold pieces.

Inventory:

Hand Weapons
 a - a +1 dagger (weapon)
Armour
 b - a +0 robe (worn)
Scrolls
 j - a scroll of blinking
Potions
 g - a potion of haste
 h - 2 potions of magic
Books
 c - a book of Maledictions

   Spells                             Type                      Level
   a - Corona                         Hexes                        1
   b - Ensorcelled Hibernation        Hexes/Ice                    2
   c - Confuse                        Hexes                        3
   d - Tukima's Dance                 Hexes                        3
   e - Dazzling Spray                 Conjuration/Hexes            3
Comestibles
 d - a bread ration


   Skills:
 + Level 0.7 Fighting
 * Level 2.1 Short Blades
 + Level 0.4 Armour
 * Level 4.0 Dodging
 * Level 5.4 Stealth
 + Level 3.1 Spellcasting
 + Level 4.0 Hexes


You had 4 spell levels left.
You knew the following spells:

 Your Spells              Type           Power        Failure   Level  Hunger
a - Corona                Hex            ###....      3%          1    None
b - Ensorcelled Hibernat  Hex/Ice        #.....       12%         2    ##.....


Dungeon Overview and Level Annotations

Branches:
Dungeon (1/1)

Altars:

Shops:
D !*[}[=}!


Innate Abilities, Weirdness & Mutations

You are very small and have problems with some larger weapons.
You are too small for most types of armour.
You have supernaturally acute eyesight. (SInv)
You are a herbivore.
You cover ground extremely quickly.
You need consume almost no food.


Message History

The necrophage is moderately damaged.
The necrophage completely misses you.
You hit the necrophage.
The necrophage is heavily damaged.
You hit the necrophage but do no damage.
The necrophage is heavily damaged.
The necrophage barely misses you.
You hit the necrophage but do no damage.
The necrophage is moderately damaged.
The necrophage misses you.
You hit the necrophage but do no damage.
The necrophage is moderately damaged.
The necrophage barely misses you.
You barely miss the necrophage.
The necrophage is moderately damaged.
The necrophage barely misses you.
You hit the necrophage.
The necrophage is heavily damaged.
The necrophage hits you.
You die...

######≈ .....#≈
## ## ∩....#≈
##. .## .∩...#≈
.w w. ∩.∩..#≈
### .#$
.∩.⌠.#≈##%# #+#
∩.∩..#≈#.####.##
+≈+##.+.<.+
∩....#≈#...##@##
▓▓▓###≈##.###n#
######≈ ###


nnn ## ..#.. ##. .## ## ## You could see 4 necrophages.

Vanquished Creatures
  3 worms (D)
3 creatures vanquished.

Vanquished Creatures (others)
  A crocodile (D)
1 creature vanquished.

Grand Total: 4 creatures vanquished

Notes
Turn   | Place    | Note
-------+----------+-------------------------------------------
     0 | D        | Kidiri the Spriggan Enchanter began the quest for the Orb.
     0 | D        | Reached XP level 1. HP: 9/9 MP: 5/5
     1 | D        | Noticed a tyrant leech
     1 | D        | Noticed a tyrant leech
    37 | D        | Reached skill level 5 in Stealth
    72 | D        | Killed a crocodile
   266 | D        | Found Hitimefe's Jewellery Boutique.
   266 | D        | Found Reriupsi's Gadget Boutique.
   266 | D        | Found Caeq's Antique Armour Shop.
   267 | D        | Found Qaups's Distillery.
   267 | D        | Found Romaat's Gadget Shop.
   267 | D        | Found Ugimna's Antique Armour Boutique.
   267 | D        | Found Wiexus's Assorted Antiques.
   267 | D        | Found Povvy's Distillery.
   269 | D        | Reached XP level 2. HP: 14/14 MP: 7/7
   279 | D        | Learned a level 2 spell: Ensorcelled Hibernation
   287 | D        | Noticed a necrophage
   287 | D        | Noticed a necrophage
   287 | D        | Noticed a necrophage
   287 | D        | Noticed a necrophage
   306 | D        | Slain by a necrophage

Vault maps used:
D:        the_violet_keep_of_menkaure

Skill      XL: |  1 |
---------------+----+-----
Stealth        | 5 |  5.4
Short Blades   | 2 |  2.1
Spellcasting   | 3 |  3.1
Dodging        | 4 |  4.0
Hexes          | 4 |  4.0
Fighting       | |  0.7
Armour         | |  0.4

Action                   || total
-------------------------++-------
Melee: Dagger            ||    34
 Cast: Corona            ||     4
  Use: Potion            ||     3
 Stab: Sleeping          ||     1
Armor: Robe              ||     1
Dodge: Dodged            ||    17
